 Dungeon Crawl Stone Soup version 0.23-a0-636-g0ff6057 (webtiles) character file.

2608 nikopol the Cleaver (level 9, 0/118 HPs)
             Began as a Minotaur Berserker on Dec 28, 2018.
             Was an Elder of Trog.
             Slain by a wight
             ... wielding a cursed +3 long sword of freezing
              (3 damage)
             ... on level 7 of the Dungeon.
             The game lasted 00:09:44 (5202 turns).

nikopol the Cleaver (Minotaur Berserker)            Turns: 5202, Time: 00:09:45

Health: 0/118      AC:  7    Str: 30    XL:     9   Next: 34%
Magic:  8/8        EV: 12    Int:  4    God:    Trog [****..]
Gold:   251        SH:  0    Dex: 16    Spells: 8/8 levels left

rFire    . . .     SeeInvis .   a - +0 war axe
rCold    . . .     Gourm    .   (no shield)
rNeg     . . .     Faith    .   C - +0 scale mail
rPois    .         Spirit   .   (helmet restricted)
rElec    .         Reflect  .   (no cloak)
rCorr    .         Harm     .   (no gloves)
MR       +....                  (no boots)
Stlth    ..........             (no amulet)
HPRegen  0.29/turn              p - ring of protection from magic
MPRegen  0.11/turn              A - +6 ring of dexterity

@: berserking, heavily drained, very quick
A: retaliatory headbutt, horns 2
a: Berserk, Trog's Hand, Brothers in Arms, Renounce Religion


You were on level 7 of the Dungeon.
You worshipped Trog.
Trog was greatly pleased with you.
You were near starving.

You visited 1 branch of the dungeon, and saw 7 of its levels.

You collected 251 gold pieces.

Inventory:

Hand Weapons
 a - a +0 war axe (weapon)
 y - a +0 hand axe
 z - a +0 shortbow
 B - a +4 flail of protection
Missiles
 E - 5 arrows
Armour
 b - a +0 animal skin
 i - a +0 ring mail
 C - a +0 scale mail (worn)
Jewellery
 p - a ring of protection from magic (left hand)
 A - a +6 ring of dexterity (right hand)
Wands
 n - a wand of acid (4)
 F - a wand of paralysis (7)
Scrolls
 d - a scroll of blinking {unknown}
 g - 4 scrolls of remove curse {unknown}
 h - 8 scrolls of identify {unknown}
 j - 2 scrolls of amnesia {unknown}
 l - 3 scrolls of enchant armour {unknown}
 o - 2 scrolls of fear {unknown}
 r - 3 scrolls of enchant weapon {unknown}
 v - 2 scrolls of random uselessness {unknown}
 x - a scroll of immolation {unknown}
 G - a scroll of teleportation {unknown}
Potions
 e - 3 potions of might {unknown}
 f - a potion of curing {unknown}
 k - a potion of magic {unknown}
 m - 2 potions of resistance {unknown}
 q - 2 potions of heal wounds {unknown}
 s - 3 potions of cancellation {unknown}
 t - 2 potions of flight {unknown}
 u - a potion of berserk rage {unknown}
 w - a potion of haste {unknown}
Comestibles
 c - 11 rations


   Skills:
 + Level 7.5(5.6) Fighting
 * Level 10.4(8.4) Axes
 * Level 4.4(2.7) Bows
 + Level 6.7(4.8) Armour
 + Level 5.0(3.3) Dodging
 + Level 0.7(0.0) Stealth


You had 8 spell levels left.
You didn't know any spells.
Your spell library was empty.

Dungeon Overview and Level Annotations

Branches:
Dungeon (7/15)             Temple (0/1) D:5

Altars:
Dithmenos
Kikubaaqudgha
Sif Muna
Xom
Zin

Shops:
D:6 %


Innate Abilities, Weirdness & Mutations

You reflexively headbutt those who attack you in melee.
You have a pair of horns on your head.


Message History

* * * LOW HITPOINT WARNING * * *
You feel drained.
* * * LOW HITPOINT WARNING * * *
The wight freezes you.
* * * LOW HITPOINT WARNING * * *
You are too berserk!
You hit the wight.
The wight is moderately damaged.
The wight hits you but does no damage.
You closely miss the wight. You headbutt the wight.
The wight is moderately damaged.
The wight hits you with a cursed +3 long sword of freezing.
* * * LOW HITPOINT WARNING * * *
The wight freezes you.
* * * LOW HITPOINT WARNING * * *
You slash the wight! Your headbutt misses the wight.
The wight is almost destroyed.
The wight closely misses you.
The wight hits you with a cursed +3 long sword of freezing.
You die...

#.##....#
#.##....#
#)##<...# #
#.##.##.# .# (
#.......####
#(#).
#...........#
#(((
........####.#
#z. ##.#....#
#.###z#
#.#....# #.#@#
#......#
####.####
###...##
#.......##
#..##
#........# ##
##.#
#........# .#
.. #..#.....#
.# ..
#........# .#
#...##...# ##
#........#


You could see 2 wights.

Vanquished Creatures
  Pikel (D:7)
  Grinder (D:5)
  Edmund (D:5)
  The ghost of Lavandula the Cutter, an amateur HaEn (D:5)
  A sky beast (D:5)
  An orc warrior (D:6)
  4 ogres
  A centaur (D:6)
  2 bullfrogs
  2 scorpions
  A wight (D:7)
  2 crimson imps (D:5)
  4 quasits (D:5)
  A bullfrog zombie (D:6)
  A bullfrog skeleton (D:6)
  2 hounds
  3 orc priests
  An iguana (D:4)
  Natasha (thrice) (D:2)
  3 worker ants
  An orc wizard (D:7)
  2 hound zombies
  A worker ant zombie (D:7)
  9 adders
  A shadow imp (D:7)
  2 oozes
  An adder skeleton (D:6)
  3 dart slugs
  5 leopard geckos
  14 orcs
  A ball python (D:2)
  5 giant cockroaches
  9 goblins
  5 hobgoblins
  10 jackals
  9 kobolds (D:1)
  2 quokkas
  6 bats
  9 frilled lizards
  A jackal skeleton (D:7)
  2 leopard gecko skeletons
  A leopard gecko zombie (D:7)
  11 rats
  3 plants (D:1)
149 creatures vanquished.

Vanquished Creatures (others)
  A bullfrog zombie (D:7)
1 creature vanquished.

Grand Total: 150 creatures vanquished

Notes
Turn   | Place    | Note
-------+----------+-------------------------------------------
     0 | D:1      | nikopol the Minotaur Berserker began the quest for the Orb.
     0 | D:1      | Reached XP level 1. HP: 19/19 MP: 0/0
   186 | D:1      | Reached XP level 2. HP: 23/27 MP: 1/1
   192 | D:1      | Reached skill level 4 in Axes
   412 | D:1      | Reached XP level 3. HP: 34/34 MP: 2/2
   478 | D:1      | Reached ** piety under Trog
   916 | D:2      | Noticed Natasha
   925 | D:2      | Killed Natasha
   925 | D:2      | Reached XP level 4. HP: 35/41 MP: 3/3
   931 | D:2      | Noticed Natasha
   935 | D:2      | Killed Natasha
   935 | D:2      | Reached skill level 5 in Axes
   941 | D:2      | Noticed Natasha
   945 | D:2      | Killed Natasha
   966 | D:2      | Reached XP level 5. HP: 30/47 MP: 4/4
  1201 | D:2      | Reached skill level 5 in Fighting
  1547 | D:3      | Reached *** piety under Trog
  1763 | D:3      | Found an ancient bone altar of Kikubaaqudgha.
  1772 | D:3      | Found a shadowy altar of Dithmenos.
  2256 | D:4      | Reached skill level 6 in Axes
  2256 | D:4      | Reached XP level 6. HP: 44/56 MP: 5/5
  2802 | D:5      | Entered Level 5 of the Dungeon
  2892 | D:5      | Found a shimmering altar of Xom.
  2975 | D:5      | Found a transporter.
  2986 | D:5      | Reached XP level 7. HP: 44/62 MP: 6/6
  3033 | D:5      | Found a transporter.
  3041 | D:5      | Noticed Lavandula's ghost (amateur HaEn)
  3075 | D:5      | Reached skill level 7 in Axes
  3112 | D:5      | Reached skill level 5 in Armour
  3165 | D:5      | Noticed Grinder
  3174 | D:5      | Killed Grinder
  3178 | D:5      | Found a staircase to the Ecumenical Temple.
  3275 | D:5      | Reached skill level 8 in Axes
  3275 | D:5      | Reached XP level 8. HP: 62/71 MP: 7/7
  3473 | D:5      | Noticed Edmund
  3480 | D:5      | Killed Edmund
  3652 | D:5      | Killed Lavandula's ghost
  3653 | D:5      | Reached skill level 9 in Axes
  3740 | D:6      | Reached **** piety under Trog
  3949 | D:6      | HP: 5/109 [orc warrior/+0 war axe (7)]
  3951 | D:6      | Reached skill level 1 in Bows
  4286 | D:6      | Reached skill level 5 in Dodging
  4620 | D:6      | Found a glowing silver altar of Zin.
  4651 | D:6      | Found a deep blue altar of Sif Muna.
  4685 | D:6      | Found Roezekos's Food Shoppe.
  4786 | D:7      | Noticed Pikel
  5070 | D:7      | Killed Pikel
  5070 | D:7      | Reached skill level 10 in Axes
  5070 | D:7      | Reached XP level 9. HP: 79/79 MP: 8/8
  5201 | D:7      | HP: 4/118 [wight/cursed +3 long sword of freezing (5)]
  5202 | D:7      | Slain by a wight

Vault maps used:
D:1:      lemuel_arrival_room, lexackson_kobold_supper
D:2:      uniq_natasha
D:3:      amethyst_overflow_temple_binary
D:4:      first_ration
D:5:      temple_pool_b, basic_altar, gammafunk_ghost_stat_death, uniq_grinder,
          uniq_edmund
D:6:      led_sif_pool, zin_statuary, serial_shops,
          nicolae_shop_temple_entry_statues_fountains
D:7:      uniq_pikel, uniq_harold

Skill      XL: |  1  2  3  4  5  6  7  8  9 |
---------------+----------------------------+-----
Fighting       | 4 5 6 7 |  7.5
Axes           | 4 5 6 8 10 | 10.4
Armour         | 3 4 5 6 |  6.7
Dodging        | 3 4 5 |  5.0
Bows           | 3 4 |  4.4
Stealth        | |  0.7

Action                   |  1- 3 |  4- 6 |  7- 9 || total
-------------------------+-------+-------+-------++-------
Melee: Hand axe          |   132 |   118 |       ||   250
       Headbutt          |    27 |    17 |    17 ||    61
       War axe           |       |     2 |   110 ||   112
 Fire: Shortbow          |       |       |    42 ||    42
Invok: Berserk           |       |       |     5 ||     5
  Eat: Chunk             |       |     7 |    10 ||    17
Armor: Animal skin       |     3 |       |       ||     3
       Ring mail         |    16 |    39 |    13 ||    68
       Scale mail        |       |       |    37 ||    37
Dodge: Dodged            |    54 |    77 |    90 ||   221

Table legend:
 A = Non-vault XP
 B = Vault XP
 C = Vault XP percentage of total XP
 D = Non-vault monster count
 E = Vault monster count
 F = Vault count percentage of total count
                 A         B        C        D         E       F
            +---------+---------+-------+---------+---------+-------
      Total |    2238 |    1489 |  40.0 |     130 |      17 |  11.6
            +---------+---------+-------+---------+---------+-------
        D:1 |      49 |      11 |  18.3 |      26 |       8 |  23.5
        D:2 |     137 |      35 |  20.3 |      24 |       1 |   4.0
        D:3 |      36 |       0 |   0.0 |      11 |       0 |   0.0
        D:4 |     196 |       0 |   0.0 |      12 |       0 |   0.0
        D:5 |     778 |     780 |  50.1 |      20 |       7 |  25.9
        D:6 |     741 |       0 |   0.0 |      20 |       0 |   0.0
        D:7 |     301 |     663 |  68.8 |      17 |       1 |   5.6
            +---------+---------+-------+---------+---------+-------
